Map: Proxima Station LE

Players

Raze - Winner!

  • Race: Terran Terran
  • Spawn Location: 1:00

TheoRy

  • Race: Protoss Protoss
  • Spawn Location: 7:00

Event: WCS Austin 2017

VOD

Have the link to the VOD?

Description

Time

  • Played on: April 28, 2017, 5:33 p.m.
  • Length: 10:32

All games in this series

Show
View Real Time Build Order
Export as new Build Order

Raze Terran - Winner!

Build Orders: MMM Bio 

Get SALT Encoding   

  12  0:00  SCV  
  13  0:12  SCV  
  14  0:18  Supply Depot  
  14  0:25  SCV  
  15  0:39  SCV  
  15  0:40  Barracks  
  16  0:51  SCV  
  17  0:58  Supply Depot  
  17  1:03  SCV  
  18  1:15  SCV  
  19  1:27  Orbital Command  
  19  1:28  Marine  
  20  1:40  Command Center  
  20  1:46  Marine  
  21  1:53  SCV  
  22  2:03  Marine  
  22  2:05  SCV  
  24  2:14  Command Center  
  24  2:17  SCV  
  24  2:21  Marine  
  26  2:29  Barracks, SCV  
  27  2:39  Barracks, Marine  
  27  2:42  SCV  
  29  2:53  Orbital Command  
  29  2:54  SCV  
  29  2:57  Marine  
  31  3:04  Refinery  
  31  3:06  SCV  
  31  3:11  Refinery  
  31  3:15  Marine  
  31  3:18  Engineering Bay, SCV  
  31  3:19  SCV  
  34  3:23  Marine  
  35  3:27  Orbital Command  
  35  3:32  Marine  
  35  3:33  SCV  
  37  3:35  SCV  
  37  3:37  Barracks Tech Lab  
  38  3:45  Missile Turret  
  38  3:46  Marine  
  39  3:49  SCV x2  
  39  3:50  Marine  
  39  3:53  SCV  
  43  3:57  Marine, Stimpack  
  43  4:01  SCV  
  43  4:02  SCV  
  46  4:05  SCV  
  46  4:07  Supply Depot  
  47  4:12  Marine  
  47  4:13  SCV  
  47  4:14  Marine, SCV  
  47  4:15  Marine  
  52  4:18  Terran Infantry Weapons Level 1  
  52  4:19  SCV  
  53  4:25  SCV  
  53  4:26  SCV  
  53  4:31  Marine  
  56  4:32  Marine  
  56  4:33  Marine  
  56  4:34  Factory  
  56  4:36  SCV  
  56  4:37  SCV  
  60  4:38  SCV  
  60  4:39  Refinery  
  60  4:41  Refinery  
  61  4:46  Supply Depot  
  61  4:48  SCV  
  61  4:49  SCV  
  61  4:50  Supply Depot  
  61  4:51  Barracks Reactor, Barracks Tech Lab  
  61  4:52  SCV  
  64  4:59  Supply Depot  
  64  5:01  SCV  
  64  5:04  SCV  
  64  5:05  Engineering Bay  
  66  5:10  Combat Shields  
  66  5:11  Marine x2, Orbital Command  
  66  5:14  SCV  
  69  5:15  Missile Turret  
  69  5:19  SCV  
  69  5:23  Starport  
  69  5:24  Factory Reactor  
  69  5:28  Barracks, SCV  
  69  5:30  Barracks  
  70  5:36  SCV x2  
  70  5:40  SCV  
  70  5:42  Marauder x2, Marine  
  78  5:48  Supply Depot, SCV  
  78  5:49  SCV  
  80  5:53  SCV  
  80  5:57  Marine  
  81  6:00  Marine, SCV  
  81  6:01  SCV  
  81  6:02  Supply Depot  
  81  6:04  Marauder x2  
  89  6:06  SCV  
  89  6:09  Medivac x2  
  89  6:10  Factory Reactor  
  89  6:11  Concussive Shells  
  94  6:13  SCV x2  
  94  6:14  Supply Depot  
  94  6:18  SCV  
  94  6:25  SCV x2  
  90  6:30  SCV  
  91  6:35  Barracks Tech Lab  
  91  6:36  Barracks Reactor  
  91  6:37  Marauder x2, Marine x2, SCV x2  
  99  6:41  Medivac x2  
  99  6:42  SCV  
  104  6:49  SCV x2  
  106  6:54  Terran Infantry Armor Level 1  
  106  6:55  SCV  
  106  6:56  Supply Depot  
  106  6:57  Refinery  
  106  6:58  Supply Depot  
  106  6:59  Supply Depot x2  
  106  7:01  SCV x2  
  108  7:02  Marauder, Marine x2  
  108  7:03  Barracks x2  
  108  7:04  Barracks, Marine  
  108  7:07  Marauder  
  108  7:08  SCV  
  117  7:12  Refinery  
  117  7:17  SCV  
  117  7:27  Marine  
  117  7:28  Marauder x2, Marine  
  117  7:29  SCV  
  121  7:40  Marine  
  121  7:41  Marauder  
  119  7:51  Engineering Bay  
  119  7:52  Armory  
  119  7:55  Marauder x2, Marine x3  
  123  8:00  SCV  
  123  8:02  Marauder  
  122  8:07  Barracks Reactor, Barracks Tech Lab x2  
  122  8:11  Marine  
  110  8:16  Marauder  
  103  8:23  Marauder, Marine x3  
  103  8:24  Widow Mine x2  
  103  8:26  Medivac x2  
  114  8:30  Marine  
  114  8:31  Supply Depot, Marauder, Marine x2  
  119  8:37  Marine  
  119  8:40  Command Center  
  119  8:41  Marine x3  
  121  8:42  Marine  
  121  8:43  Marine  
  121  8:45  Liberator x2, Marauder  
  127  8:48  Marine  
  127  8:49  Marauder x2  
  127  8:52  Marauder  
  127  8:53  Missile Turret  
  127  8:55  Supply Depot  
  134  8:56  Supply Depot, Missile Turret  
  134  8:58  Widow Mine  
  134  8:59  Widow Mine  
  144  9:13  Marine x7  
  144  9:15  Marauder x3, Marine  
  154  9:21  SCV x3  
  157  9:25  Ghost Academy  
  157  9:27  Widow Mine x2  
  157  9:30  Liberator  
  160  9:32  Marauder, Marine x6  
  160  9:33  Marauder  
  160  9:36  Marine x2  
  165  9:46  Marine  
  165  9:49  Marine  
  165  9:50  Marine x5  
  173  9:54  Orbital Command  
  173  9:55  Widow Mine  
  175  10:00  Ghost  
Show
View Real Time Build Order
Export as new Build Order

TheoRy Protoss 

Build Orders: Double Forge, Forge Fast Expand (FFE), Oracle Opening 

Get SALT Encoding   

  12  0:00  Probe (Chrono Boost)  
  13  0:11  Probe (Chrono Boost)  
  14  0:18  Pylon  
  14  0:22  Probe (Chrono Boost)  
  15  0:36  Probe (Chrono Boost)  
  15  0:40  Forge  
  16  0:46  Probe (Chrono Boost)  
  18  0:57  Probe (Chrono Boost)  
  19  1:16  Nexus  
  19  1:17  Gateway  
  18  1:21  Probe (Chrono Boost)  
  19  1:25  Assimilator  
  19  1:32  Probe (Chrono Boost)  
  20  1:38  Assimilator  
  20  1:42  Probe (Chrono Boost)  
  21  1:56  Probe (Chrono Boost)  
  21  2:00  Pylon  
  22  2:04  Cybernetics Core  
  22  2:13  Probe (Chrono Boost)  
  23  2:18  Gateway  
  23  2:23  Probe (Chrono Boost)  
  23  2:27  Zealot  
  27  2:30  Probe (Chrono Boost)  
  27  2:34  Probe (Chrono Boost)  
  28  2:40  Stargate  
  28  2:45  Mothership Core (Chrono Boost)  
  28  2:47  Warp Gate  
  30  2:53  Probe (Chrono Boost)  
  30  2:54  Adept  
  33  3:03  Probe (Chrono Boost)  
  33  3:04  Probe (Chrono Boost)  
  34  3:14  Probe (Chrono Boost)  
  34  3:16  Forge  
  36  3:21  Pylon, Oracle  
  38  3:30  Probe (Chrono Boost)  
  39  3:37  Probe (Chrono Boost), Pylon  
  40  3:42  Adept  
  40  3:44  Probe (Chrono Boost)  
  43  3:50  Photon Cannon  
  43  3:56  Photon Cannon  
  43  3:57  Oracle  
  46  4:06  Probe (Chrono Boost)  
  46  4:08  Probe (Chrono Boost)  
  48  4:16  Assimilator  
  49  4:18  Probe (Chrono Boost)  
  49  4:19  Assimilator  
  49  4:23  Pylon  
  50  4:24  Probe (Chrono Boost)  
  50  4:29  Oracle  
  50  4:33  Probe (Chrono Boost)  
  54  4:43  Probe (Chrono Boost)  
  56  4:46  Probe (Chrono Boost)  
  56  4:49  Stargate  
  56  4:54  Probe (Chrono Boost)  
  56  4:55  Pylon  
  56  4:57  Probe (Chrono Boost)  
  58  5:05  Probe (Chrono Boost), Pylon  
  59  5:07  Probe (Chrono Boost)  
  59  5:09  Adept x2  
  64  5:15  Probe (Chrono Boost)  
  64  5:17  Oracle  
  64  5:18  Probe (Chrono Boost)  
  69  5:25  Stargate  
  69  5:26  Probe (Chrono Boost)  
  70  5:30  Adept  
  70  5:33  Pylon  
  72  5:36  Phoenix  
  72  5:51  Nexus  
  72  5:52  Probe (Chrono Boost)  
  72  5:54  Probe (Chrono Boost)  
  74  5:57  Sentry  
  74  5:59  Oracle  
  74  6:03  Probe (Chrono Boost)  
  80  6:06  Protoss Air Weapons Level 1  
  80  6:07  Probe (Chrono Boost)  
  81  6:14  Probe (Chrono Boost)  
  81  6:18  Probe (Chrono Boost)  
  80  6:29  Probe (Chrono Boost), Oracle  
  80  6:30  Adept x2  
  80  6:31  Probe (Chrono Boost)  
  83  6:40  Probe (Chrono Boost), Oracle  
  83  6:42  Probe (Chrono Boost)  
  88  6:49  Pylon  
  88  6:50  Probe (Chrono Boost)  
  88  6:51  Pylon  
  89  6:54  Assimilator, Pylon  
  89  6:56  Oracle  
  89  6:57  Assimilator  
  92  7:02  Probe (Chrono Boost)  
  92  7:03  Photon Cannon  
  92  7:07  Protoss Ground Weapons Level 1  
  93  7:10  Probe (Chrono Boost)  
  93  7:15  Adept x2  
  98  7:21  Oracle  
  98  7:24  Probe (Chrono Boost)  
  93  7:37  Probe x2 (Chrono Boost)  
  93  7:38  Oracle, Adept x2  
  93  7:39  Probe (Chrono Boost)  
  102  7:47  Probe (Chrono Boost)  
  102  7:50  Probe x2 (Chrono Boost)  
  105  7:54  Gateway  
  105  7:57  Gateway  
  105  7:58  Probe (Chrono Boost), Adept  
  90  7:59  Fleet Beacon  
  83  8:05  Adept  
  83  8:06  Adept  
  83  8:07  Pylon  
  84  8:13  Probe (Chrono Boost)  
  82  8:22  Pylon  
  82  8:23  Oracle  
  85  8:28  Probe (Chrono Boost)  
  85  8:29  Oracle  
  85  8:30  Pylon  
  89  8:36  Pylon  
  89  8:38  Pylon  
  89  8:42  Fleet Beacon  
  89  8:44  Oracle  
  89  8:48  Photon Cannon  
  92  8:50  Photon Cannon x2  
  92  8:55  Photon Cannon  
  92  8:59  Oracle  
  92  9:01  Photon Cannon  
  92  9:02  Probe x2 (Chrono Boost), Pylon  
  97  9:04  Pylon, Oracle  
  99  9:15  Probe (Chrono Boost)  
  99  9:19  Oracle  
  102  9:27  Adept x3  
  102  9:28  Adept  
  109  9:35  Tempest  
  113  9:42  Phoenix  
  112  9:46  Probe (Chrono Boost)  
  112  9:51  Probe (Chrono Boost)  
  114  9:55  Phoenix  
  116  10:00  Adept x2  
  116  10:01  Nexus, Stargate, Adept  
  116  10:04  Photon Cannon  
  116  10:05  Assimilator  
  120  10:08  Adept  
  120  10:09  Assimilator  
  120  10:11  Pylon  
  119  10:27  Adept x4  
Tags
 
Add a new tag
Caveats
  • Supply blocks, unpowered buildings, or Contaminate may cause inaccurate times.
  • Supply counts are checked every 10 seconds.